 Dungeon Crawl Stone Soup version 0.27-a0-1189-gb8eb6cee8e (webtiles) character file.

Game seed: 10237809360527000832

9 polve the Skirmisher (level 2, 0/24 HPs)
             Began as a Demonspawn Fighter on May 22, 2021.
             Slain by a frilled lizard (2 damage)
             ... on level 1 of the Dungeon.
             The game lasted 00:00:22 (451 turns).

polve the Skirmisher (Demonspawn Fighter)            Turns: 451, Time: 00:00:22

Health: 0/24       AC:  6    Str: 16    XL:     2   Next: 6%
Magic:  2/2        EV:  6    Int:  9    God:
Gold:   18         SH:  8    Dex: 12    Spells: 1/1 levels left

rFire    . . .     SeeInvis .   a - +0 rapier
rCold    . . .     Faith    .   c - +0 kite shield
rNeg     . . .     Spirit   .   b - +0 scale mail
rPois    .         Reflect  .   (helmet restricted)
rElec    .         Harm     .   (no cloak)
rCorr    .         Rampage  .   (no gloves)
Will     .....                  (no boots)
Stlth    ..........             (no amulet)
HPRegen  0.08/turn              (no ring)
MPRegen  0.08/turn              (no ring)

@: no status effects
A: antennae 1
a: no special abilities


You were on level 1 of the Dungeon.
You visited 1 branch of the dungeon, and saw 1 of its levels.

You collected 18 gold pieces.

Inventory:

Hand Weapons
 a - a +0 rapier (weapon)
Armour
 b - a +0 scale mail (worn)
 c - a +0 kite shield (worn)
Scrolls
 f - a scroll of summoning {unknown}
 g - a scroll of identify {unknown}
Potions
 d - a potion of might
 e - a potion of flight {unknown}
 h - a potion of mutation {unknown}


   Skills:
 - Level 3.0 Fighting
 + Level 2.5 Short Blades
 - Level 2.6 Armour
 - Level 2.6 Shields


You had one spell level left.
You didn't know any spells.
Your spell library was empty.

Dungeon Overview and Level Annotations

Branches:
Dungeon (1/15)

Altars:


Innate Abilities, Weirdness & Mutations

You have a pair of small antennae on your head.


Message History

* * * LOW HITPOINT WARNING * * *
You block the frilled lizard's attack. You block the frilled lizard's attack.
You block the frilled lizard's attack. You block the frilled lizard's attack.
You block the frilled lizard's attack. The frilled lizard barely misses you.
The frilled lizard bites you but does no damage.
The frilled lizard barely misses you. The frilled lizard bites you.
* * * LOW HITPOINT WARNING * * *
The frilled lizard bites you but does no damage.
The frilled lizard bites you but does no damage.
The frilled lizard barely misses you. The frilled lizard barely misses you.
The frilled lizard barely misses you.
The frilled lizard bites you but does no damage.
You block the frilled lizard's attack. The frilled lizard barely misses you.
The frilled lizard bites you but does no damage.
The frilled lizard bites you but does no damage.
The frilled lizard bites you but does no damage.
The frilled lizard bites you but does no damage.
You block the frilled lizard's attack. You block the frilled lizard's attack.
The frilled lizard bites you.
* * * LOW HITPOINT WARNING * * *
You block the frilled lizard's attack. You block the frilled lizard's attack.
The frilled lizard bites you but does no damage.
The frilled lizard bites you but does no damage.
The frilled lizard bites you.
* * * LOW HITPOINT WARNING * * *
The frilled lizard barely misses you. You block the frilled lizard's attack.
You block the frilled lizard's attack. You block the frilled lizard's attack.
The frilled lizard bites you but does no damage.
The frilled lizard bites you.
You die...

....###.####
...........#
####.##.##.#
#.##.##(#
#.##....#
####
#.####†.#
...
#.####..#
#l##.......#
#.@.......##
###########


You could see a frilled lizard.

Vanquished Creatures
  An endoplasm (D:1)
  A hobgoblin (D:1)
  A kobold (D:1)
  A quokka (D:1)
  A ball python (D:1)
  2 bats (D:1)
  2 frilled lizards (D:1)
9 creatures vanquished.

Notes
Turn   | Place    | Note
-------+----------+-------------------------------------------
     0 | D:1      | polve the Demonspawn Fighter began the quest for the Orb.
     0 | D:1      | Reached XP level 1. HP: 18/18 MP: 1/1
   166 | D:1      | Found a faded altar of an unknown god.
   177 | D:1      | Gained mutation: You have a pair of small antennae on your
                  | head. [demonic ancestry]
   177 | D:1      | Reached XP level 2. HP: 24/24 MP: 2/2
   445 | D:1      | HP: 1/24 [frilled lizard (1)]
   451 | D:1      | Slain by a frilled lizard

Illustrated notes

Levels and vault maps discovered:
D:1:      ebering_trefoil_3fold, layout_loops_cross,
          ebering_ecumenical_altar_mist, minmay_misc_feat_room,
          minmay_pentomino_w2

Skill      XL: |  1 |
---------------+----+-----
Short Blades   | 2 |  2.5
Fighting       | |  3.0
Armour         | |  2.6
Shields        | |  2.6

Action                   || total
-------------------------++-------
Melee: Rapier            ||    17
Armor: Scale mail        ||    72
Dodge: Dodged            ||    60
Block: Kite shield       ||    99

Table legend: (Time is in decaauts)
 A = Elapsed time spent in this place.
 B = Non-inter-level travel time spent in this place.
 C = Inter-level travel time spent in this place.
 D = Time resting spent in this place.
 E = Time spent auto-exploring this place.
 F = Levels seen in this place.
 G = Mean time per level.
                   A        B        C        D        E       F      G
               +--------+--------+--------+--------+--------+-----+--------+
         Total |    456 |    456 |      0 |      0 |    168 |   1 |  456.0 |
       Dungeon |    456 |    456 |      0 |      0 |    168 |   1 |  456.0 |
               +--------+--------+--------+--------+--------+-----+--------+

Top non-repeatable levels by time:
     D:1: 456 daAuts
